 Dungeon Crawl Stone Soup version 0.17-a0-1582-ge6b0260 (webtiles) character file.

185484 ololoev the Brawler (level 17, -12/140 HPs)
             Began as a Green Draconian Transmuter on July 24, 2015.
             Was the Champion of Fedhas.
             Shot with a bolt by a naga sharpshooter (20 damage)
             ... on level 4 of the Snake Pit on July 27, 2015.
             The game lasted 03:36:42 (48118 turns).

ololoev the Brawler (Green Draconian Transmuter)   Turns: 48118, Time: 03:36:43

Health: -12/140    AC: 22    Str: 15    XL:     17   Next: 81%
Magic:  23/36      EV: 25    Int: 16    God:    Fedhas [******]
Gold:   854        SH:  0    Dex: 16    Spells: 5 memorised, 28 levels left

rFire  + + .     SeeInvis .       - Unarmed
rCold  . . .     Clarity  .     (armour unavailable)
rNeg   + . .     SustAt   .     (no shield)
rPois  +         Gourm    .     y - +2 hat
rElec  .         Spirit   .     h - +2 cloak
rCorr  .         Warding  +     U - +2 pair of gloves {archery}
rMut   .         Stasis   .     S - +0 pair of boots of the Thirteen Cities {rF+} (curse)
MR     +....                    D - amulet of warding
Stlth  +.........               m - +4 ring of evasion
                                G - +4 ring of protection

@: exhausted, very slightly contaminated, slowed, very slow, somewhat resistant
to hostile enchantments, very unstealthy
A: breathe noxious fumes, unfitting armour, stinger 2, talons 1, agile 1, fire
resistance 1, poison resistance, cold-blooded, MP-powered wands, AC +9
a: Breathe Noxious Fumes, Evolution, Sunlight, Growth, Reproduction, Rain,
Renounce Religion


Innate Abilities, Weirdness & Mutations

You can breathe blasts of noxious fumes.
Your lurid green scales are hard (AC +9).
Your body does not fit into most forms of armour.
Your tail ends in a sharp poisonous barb.
Your system is resistant to poisons.
You are cold-blooded and may be slowed by cold attacks.
You have sharp toenails.
You are agile. (Dex +2)
Your flesh is heat resistant.
You expend magic power (3 MP) to strengthen your wands.

Inventory:

Hand weapons
 f - a +2 blowgun
Missiles
 a - 169 arrows
Armour
 h - a +2 cloak (worn)
 y - a +2 hat (worn)
 S - the cursed +0 pair of boots of the Thirteen Cities (worn) {rF+}
   (You bought it in a shop on level 15 of the Dungeon)

   It protects you from fire.
   It has a curse placed upon it.
 U - a +2 pair of gloves of archery (worn)
Magical staves
 t - an uncursed staff of wizardry
Rods
 b - a +4 rod of shadows (4/12)
   (You found it on level 11 of the Dungeon)
Jewellery
 m - a +4 ring of evasion (right hand)
 D - an amulet of warding (around neck)
 F - an uncursed amulet of resist mutation
 G - a +4 ring of protection (left hand)
 H - an uncursed ring of see invisible
Magical devices
 n - a wand of draining (0)
 r - a wand of random effects (11)
 E - a wand of digging (10)
 N - a wand of invisibility (7)
 P - a wand of enslavement (10)
 R - a wand of draining (5)
Scrolls
 c - 4 scrolls of recharging
 e - 20 scrolls of remove curse
 j - 8 scrolls of teleportation
 o - 2 scrolls of enchant armour
 p - a scroll of immolation
 I - 4 scrolls of identify
 J - 5 scrolls of magic mapping
 M - a scroll of enchant weapon
 O - a scroll of amnesia
 Q - a scroll of fear
Potions
 d - 6 potions of flight
 g - 2 potions of agility
 k - 3 potions of might
 q - 2 potions of cure mutation
 s - 3 potions of curing
 u - a potion of cancellation
 w - 3 potions of resistance
 z - 4 potions of brilliance
 A - a potion of ambrosia
 C - a potion of magic
 L - 2 potions of invisibility
Miscellaneous
 B - a stone of tremors (inert)
Comestibles
 x - a beef jerky
 K - a bread ration


   Skills:
 - Level 10.2 Fighting
 - Level 12.4 Dodging
 - Level 16.9 Unarmed Combat
 + Level 15.0 Spellcasting
 - Level 10.6 Transmutations
 - Level 4.0 Poison Magic
 - Level 6.7 Invocations
 - Level 10.5 Evocations


You had 28 spell levels left.
You knew the following spells:

 Your Spells              Type           Power        Failure   Level  Hunger
a - Dragon Form           Trmt           #####.....   71%         7    #######
b - Blade Hands           Trmt           #####.....   1%          5    ####...
c - Apportation           Tloc           ##........   8%          1    None
d - Sticks to Snakes      Trmt           #####.....   1%          2    None
s - Spider Form           Trmt/Pois      #####.....   1%          3    None


You were on level 4 of the Snake Pit.
You worshipped Fedhas.
Fedhas was exalted by your worship.
You were hungry.

You visited 5 branches of the dungeon, and saw 32 of its levels.
You visited the Abyss 1 time.
You also visited: Ossuary.

You collected 2878 gold pieces.
You spent 2024 gold pieces at shops.

....# ###.... # # # # .#
# ... # ##########.... #
##...........# ######
#..........###
()...#####......@<.# .
##.).....#.S.....###.###.
#.......#.......###.....
#.......)†.......#......
###.....N#..###P..)≈≈≈≈≈
###..#####..# ##..S≈≈≈≈≈
##...## ##..# #S(.N≈E≈N≈
...#.#####ND.###..#..P...
#...........##...## ..)E.

Notes
Turn   | Place    | Note
--------------------------------------------------------------
     0 | D:1      | ololoev the Draconian Transmuter began the quest for the Orb.
     0 | D:1      | Reached XP level 1. HP: 16/16 MP: 3/3
   295 | D:1      | Reached XP level 2. HP: 23/23 MP: 5/5
   306 | D:1      | Learned a level 2 spell: Sticks to Snakes
  1047 | D:2      | Reached XP level 3. HP: 19/28 MP: 1/6
  1946 | D:3      | Found a bloodstained altar of Trog.
  1947 | D:3      | Noticed an eye of draining
  1947 | D:3      | Noticed an eye of draining
  2232 | D:3      | Reached XP level 4. HP: 26/35 MP: 7/7
  2396 | D:3      | Reached skill level 4 in Unarmed Combat
  2403 | D:3      | Found a shimmering altar of Xom.
  2654 | D:3      | Killed an eye of draining
  2654 | D:3      | Reached XP level 5. HP: 40/40 MP: 1/8
  2721 | D:3      | Killed an eye of draining
  2721 | D:3      | Reached XP level 6. HP: 36/47 MP: 0/9
  2734 | D:3      | Noticed urechis's ghost (weakling FeMo)
  2928 | D:4      | Reached skill level 5 in Unarmed Combat
  2955 | D:4      | Noticed bohran's ghost (average MiBe)
  3015 | D:4      | Found a shadowy altar of Dithmenos.
  3015 | D:4      | Found a radiant altar of Vehumet.
  3106 | D:4      | Found a sand-covered staircase.
  3111 | Ossuary  | Entered an ossuary
  3394 | Ossuary  | Noticed Menkaure
  3398 | Ossuary  | Killed Menkaure
  4299 | D:3      | Killed urechis's ghost
  4299 | D:3      | Your scales start taking on a lurid green colour.
  4299 | D:3      | Gained mutation: Your system is resistant to poisons. [Green Draconian growth]
  4299 | D:3      | Reached XP level 7. HP: 16/52 MP: 3/10
  4304 | D:3      | Learned a level 3 spell: Spider Form
  4683 | D:4      | Reached skill level 6 in Unarmed Combat
  4757 | D:5      | Entered Level 5 of the Dungeon
  4796 | D:5      | Reached skill level 1 in Poison Magic
  5581 | D:6      | Found a staircase to the Ecumenical Temple.
  5584 | D:6      | Noticed Blork the orc
  5625 | D:6      | Reached XP level 8. HP: 59/59 MP: 11/11
  5646 | D:6      | Killed Blork the orc
  5692 | D:6      | Reached skill level 7 in Unarmed Combat
  5707 | Temple   | Entered the Ecumenical Temple
  5715 | Temple   | Became a worshipper of Fedhas Madash
  5858 | D:6      | Reached skill level 5 in Transmutations
  5953 | D:6      | Noticed urechis's ghost (average TrMo)
  5962 | D:6      | Killed urechis's ghost
  6026 | D:6      | Reached skill level 5 in Dodging
  6254 | D:6      | Found a sacrificial altar of Ru.
  6415 | D:6      | Noticed Crazy Yiuf
  6419 | D:6      | Killed Crazy Yiuf
  6517 | D:7      | Reached skill level 8 in Unarmed Combat
  7128 | D:7      | Reached XP level 9. HP: 59/64 MP: 12/12
  7211 | D:7      | Acquired Fedhas's first power
  8113 | D:8      | Found a bloodstained altar of Trog.
  8113 | D:8      | Found an ancient bone altar of Kikubaaqudgha.
  8309 | D:8      | Reached skill level 9 in Unarmed Combat
  8314 | D:8      | Found a stormy altar of Qazlal.
  8875 | D:9      | Acquired Fedhas's second power
  8951 | D:9      | Reached skill level 10 in Unarmed Combat
  9104 | D:9      | Found a shimmering altar of Xom.
  9123 | D:9      | Reached XP level 10. HP: 71/71 MP: 13/13
  9827 | D:10     | Entered Level 10 of the Dungeon
 10222 | D:10     | Gained mutation: You are agile. (Dex +2) [mutagenic meat]
 10223 | D:10     | Gained mutation: You expend magic power (3 MP) to strengthen your wands. [mutagenic meat]
 10224 | D:10     | Gained mutation: You have sharp toenails. [mutagenic meat]
 10233 | D:10     | Gained mutation: Your tail ends in a poisonous barb. [potion of beneficial mutation]
 10234 | D:10     | Gained mutation: Your flesh is heat resistant. [potion of beneficial mutation]
 10257 | D:10     | Noticed a hill giant
 10311 | D:10     | Noticed Erolcha
 10325 | D:10     | Killed a hill giant
 10325 | D:10     | Reached skill level 11 in Unarmed Combat
 10938 | D:10     | Killed Erolcha
 11141 | D:10     | Acquired Fedhas's third power
 11310 | D:10     | Killed an unseen horror
 11310 | D:10     | Reached XP level 11. HP: 24/77 MP: 11/14
 11551 | D:10     | Noticed a hill giant
 11575 | D:10     | Killed a hill giant
 11575 | D:10     | Reached skill level 12 in Unarmed Combat
 12712 | D:11     | HP: 3/77 [white ugly thing (20)]
 13285 | D:11     | Found a staircase to the Orcish Mines.
 13907 | D:11     | Noticed a hill giant
 13923 | D:11     | Killed a hill giant
 14170 | D:11     | Learned a level 5 spell: Blade Hands
 14180 | D:11     | Identified a +4 rod of shadows (12/12) (You found it on level 11 of the Dungeon)
 14456 | D:12     | Reached skill level 13 in Unarmed Combat
 14456 | D:12     | Reached skill level 1 in Evocations
 14601 | D:12     | Noticed a hill giant
 14634 | D:12     | Killed a hill giant
 14798 | D:12     | Acquired Fedhas's fourth power
 15084 | D:12     | Noticed a hill giant
 15085 | D:12     | Noticed a hill giant
 15097 | D:12     | Killed a hill giant
 15097 | D:12     | Reached XP level 12. HP: 83/83 MP: 11/15
 15138 | D:12     | Killed a hill giant
 15273 | D:12     | Reached skill level 10 in Transmutations
 16065 | D:13     | Noticed Azrael
 16072 | D:13     | Killed Azrael
 16078 | D:13     | Noticed a seven-headed hydra
 16320 | D:13     | Reached skill level 5 in Evocations
 16578 | D:13     | Noticed Kirke
 16596 | D:13     | Noticed a centaur warrior
 16815 | D:13     | Killed Kirke
 16815 | D:13     | Reached skill level 14 in Unarmed Combat
 17122 | D:13     | Acquired Fedhas's fifth power
 17183 | D:13     | Found a gate to the Vaults.
 17185 | D:13     | Noticed an ogre mage
 17202 | D:13     | Killed an ogre mage
 17302 | D:12     | Reached skill level 1 in Invocations
 17932 | D:13     | Noticed Frances
 17934 | D:13     | Killed a seven-headed hydra
 18147 | D:13     | Killed a centaur warrior
 18205 | Orc:1    | Entered Level 1 of the Orcish Mines
 18399 | Orc:2    | Found Munyf's Distillery.
 18429 | Orc:2    | Bought a potion of poison for 15 gold pieces
 18429 | Orc:2    | Bought a potion of magic for 120 gold pieces
 18557 | Orc:2    | Found Teixzau's Distillery.
 18577 | Orc:2    | Bought a potion of might for 60 gold pieces
 18577 | Orc:2    | Bought a potion of curing for 45 gold pieces
 18577 | Orc:2    | Bought 2 potions of curing for 90 gold pieces
 18603 | Orc:2    | Reached XP level 13. HP: 89/89 MP: 14/18
 19037 | Orc:3    | Found Xiyttip's Distillery.
 19086 | Orc:3    | Reached skill level 10 in Dodging
 19234 | Orc:3    | Noticed Sonja
 19316 | Orc:3    | Killed Sonja
 19397 | Orc:3    | Found Huph's Weapon Emporium.
 19525 | Orc:3    | Found Ythraf's Antique Armour Boutique.
 19531 | Orc:3    | Bought a steaming large shield for 256 gold pieces
 19989 | Orc:2    | Found Peicseaq's Assorted Antiques.
 20023 | Orc:2    | Bought a metal-bound book for 390 gold pieces
 20023 | Orc:2    | Bought an iron ring for 130 gold pieces
 20026 | Orc:2    | Learned a level 1 spell: Apportation
 20099 | Orc:2    | Found Jidat's Antique Weapon Emporium.
 20218 | Orc:2    | Found Zol Wito's Jewellery Emporium.
 20292 | Orc:4    | Entered Level 4 of the Orcish Mines
 20811 | Orc:4    | Found a staircase to the Elven Halls.
 21019 | Orc:4    | Paralysed by an orc sorcerer for 4 turns
 22249 | Orc:4    | Found Awatyu's Assorted Antiques.
 22249 | Orc:4    | Found Kumaum's Armour Emporium.
 22419 | Orc:4    | Found Kuamnisch's Antique Weapon Emporium.
 22419 | Orc:4    | Found Sutticwi's Assorted Antiques.
 22428 | Orc:4    | Bought a scroll of identify for 48 gold pieces
 22430 | Orc:4    | Bought 2 potions of heal wounds for 260 gold pieces
 22432 | Orc:4    | Bought a glass wand for 96 gold pieces
 22435 | Orc:4    | Identified the +7 large shield of the Burgomaster {Int+2 Stlth+} (You bought it in a shop on level 3 of the Orcish Mines)
 23041 | D:4      | Killed bohran's ghost
 23215 | D:10     | Noticed Gastronok
 23332 | D:10     | Killed Gastronok
 23445 | D:10     | Noticed an unseen horror
 23459 | D:10     | Killed an unseen horror
 23520 | D:10     | Found a staircase to the Lair.
 23771 | D:10     | Found a large runed door.
 23771 | D:10     | Found a large runed door.
 24244 | Lair:1   | Entered Level 1 of the Lair of Beasts
 24249 | Lair:1   | Upgraded the game from 0.17-a0-1572-g7a1422d to 0.17-a0-1582-ge6b0260
 25108 | Lair:1   | Reached skill level 5 in Spellcasting
 25805 | Lair:2   | Gained mutation: Your tail ends in a sharp poisonous barb. [Green Draconian growth]
 25805 | Lair:2   | Reached XP level 14. HP: 77/96 MP: 15/21
 25807 | Lair:2   | Reached skill level 5 in Invocations
 25827 | Lair:2   | Reached skill level 15 in Unarmed Combat
 26021 | Lair:2   | Noticed Prince Ribbit
 26028 | Lair:2   | Killed Prince Ribbit
 26653 | Lair:3   | Found a staircase to the Snake Pit.
 27280 | Lair:3   | Found a staircase to the Swamp.
 29288 | Lair:5   | Reached skill level 10 in Evocations
 29736 | Lair:6   | Got a jewelled large shield
 29738 | Lair:6   | Identified the +6 large shield "Xoeppen" {rPois MR++} (You found it on level 6 of the Lair of Beasts)
 30098 | Lair:6   | Noticed Snorg
 30108 | Lair:6   | Killed Snorg
 31983 | Lair:8   | Entered Level 8 of the Lair of Beasts
 32345 | Lair:8   | HP: 2/96 [catoblepas/blast of calcifying dust (6)]
 33047 | Lair:8   | Found a viscous altar of Jiyva.
 33047 | Lair:8   | Found a staircase to the Slime Pits.
 33783 | Lair:8   | Reached XP level 15. HP: 72/107 MP: 21/25
 34652 | Lair:8   | Reached skill level 16 in Unarmed Combat
 35979 | D:13     | Reached skill level 5 in Fighting
 36660 | D:14     | Found Tyrotzyg's Assorted Antiques.
 36668 | D:14     | Bought a pair of embroidered boots for 117 gold pieces
 36963 | D:15     | Entered Level 15 of the Dungeon
 37147 | D:15     | Noticed Josephine
 37160 | D:15     | Killed Josephine
 37880 | D:15     | Found Sok Xyim's Antique Armour Emporium.
 37888 | D:15     | Bought a pair of glowing gloves for 180 gold pieces
 38209 | D:15     | Found a staircase to the Depths.
 38430 | D:15     | Found Hawadeff's Armour Emporium.
 38459 | D:15     | Bought the cursed +0 pair of boots of the Thirteen Cities {rF+} for 217 gold pieces
 38488 | D:15     | Noticed Roxanne
 38522 | D:15     | Killed Roxanne
 38557 | D:15     | Identified Roxanne's Grimoire of Moulding (You took it off Roxanne on level 15 of the Dungeon)
 38566 | D:15     | Learned a level 7 spell: Dragon Form
 39057 | Snake:1  | Entered Level 1 of the Snake Pit
 39072 | Snake:1  | Found a radiant altar of Vehumet.
 39376 | Snake:1  | Reached XP level 16. HP: 95/129 MP: 22/28
 41082 | Snake:2  | Noticed Louise
 41106 | Snake:2  | Cast into the Abyss (Louise)
 41314 | Abyss:1  | Noticed a tentacled starspawn
 41322 | Abyss:1  | Killed a tentacled starspawn
 41347 | Abyss:1  | Found a corrupted altar of Lugonu.
 41409 | Abyss:1  | Found a roughly hewn altar of Beogh.
 41472 | Abyss:1  | Reached skill level 10 in Fighting
 41551 | Abyss:1  | Noticed a tentacled starspawn
 41563 | Abyss:1  | Killed a tentacled starspawn
 41796 | Abyss:1  | Noticed a tentacled starspawn
 41799 | Abyss:1  | Noticed a tentacled starspawn
 41807 | Abyss:1  | Killed a tentacled starspawn
 41812 | Abyss:1  | Killed a tentacled starspawn
 41968 | Snake:2  | Escaped the Abyss
 41981 | Snake:2  | Killed Louise
 42273 | Snake:2  | Reached skill level 10 in Spellcasting
 42398 | Snake:2  | Noticed Asterion
 42423 | Snake:2  | Noticed Aizul
 42447 | Snake:2  | Killed Aizul
 43117 | Snake:2  | Killed Asterion
 43827 | Snake:3  | Reached XP level 17. HP: 64/140 MP: 18/32
 43842 | Snake:3  | HP: 4/140 [greater naga/poison arrow (17)]
 45731 | Snake:4  | Entered Level 4 of the Snake Pit
 48102 | Snake:4  | Reached skill level 15 in Spellcasting
 48115 | Snake:4  | HP: 10/210 [salamander/enchanted trident (3)]
 48118 | Snake:4  | Shot with a bolt by a naga sharpshooter

Dungeon Overview and Level Annotations

Branches:
Dungeon (15/15)            Temple (1/1) D:6            Lair (8/8) D:10
  Swamp (0/4) Lair:3        Snake (4/4) Lair:3        Slime (0/6) Lair:8
    Orc (4/4) D:11            Elf (0/3) Orc:4        Vaults (0/5) D:13
 Depths (0/5) D:15

Altars:
Dithmenos
Fedhas
Gozag
Kikubaaqudgha
Makhleb
Nemelex Xobeh
Okawaru
Qazlal
Ru
Sif Muna
Trog
Vehumet
Xom
Zin
Jiyva

Shops:
D:14 *   D:15 [[   Orc:2 *!!=(   Orc:3 ![(   Orc:4 **([

Annotations:
D:13 Frances


Message History

You punch the salamander!
The salamander is moderately wounded.
The salamander closely misses you. The guardian serpent misses you.
You punch the salamander!
The salamander is heavily wounded.
The guardian serpent misses you.
The salamander hits you but does no damage.
You punch the salamander!
The salamander is severely wounded.
The guardian serpent casts a spell at you.
The bolt of poison misses you.
You completely miss the salamander. You tail-slap the salamander.
The salamander is severely wounded.
The guardian serpent completely misses you.
The salamander hits you with an enchanted trident!
You are engulfed in flames.
You resist.
You barely miss the salamander.
The salamander is severely wounded.
The guardian serpent coils itself and waves its upper body at you.
The bolt of poison misses you.
You hit the salamander.
The salamander is almost dead.
You are no longer berserk.
You are exhausted.
You feel as though you will be slow longer.
You are feeling hungry.
The salamander hits you but does no damage.
The guardian serpent misses you.
Read which item? (? for menu, Esc to quit)
Blink to where?
Press: ? - help, Dir - move target cursor You are very lightly contaminated with residual magic.
As you read the scroll of blinking, it crumbles to dust.
The naga sharpshooter unwields an uncursed scimitar.
The naga sharpshooter wields an uncursed arbalest.
The naga sharpshooter gestures wildly while chanting.
The naga sharpshooter magically shoots a bolt.
The bolt hits you!!
You die...
Fedhas appreciates your contribution to the ecosystem.

You could see a naga sharpshooter, a salamander and a guardian serpent.

Vanquished Creatures
  Asterion (Snake:2)
  4 tentacled starspawn (Abyss:1)
  Gastronok (D:10)
  Kirke (D:13)
  Roxanne (D:15)
  9 greater nagas
  Aizul (Snake:2)
  Louise (Snake:2)
  A balrug (Abyss:1)
  Azrael (D:13)
  Snorg (Lair:6)
  Josephine (D:15)
  Erolcha (D:10)
  2 ogre magi
  A yaktaur captain (D:15)
  8 naga warriors
  3 centaur warriors
  2 hydras
  3 catoblepae (Lair:8)
  11 anacondas
  A tengu warrior (D:15)
  19 death yaks
  4 orc high priests (Orc:4)
  3 shock serpents
  16 naga sharpshooters
  3 thrashing horrors (Abyss:1)
  Sonja (Orc:3)
  2 wretched stars (Abyss:1)
  A fire crab (Lair:7)
  A sea snake (Snake:4)
  A salamander mystic (Snake:3)
  4 unseen horrors
  7 naga ritualists
  5 orc knights
  7 hill giants
  4 orc sorcerers
  3 manticores
  15 mana vipers
  11 ugly things
  10 salamanders
  A worldbinder (Abyss:1)
  21 naga magi
  3 gargoyles
  3 guardian serpents
  39 black mambas
  A rust devil (Abyss:1)
  A smoke demon (Abyss:1)
  15 spiny frogs
  An eye of devastation (shapeshifter) (D:15)
  An efreet (D:13)
  A hellion (Abyss:1)
  An orange demon (Abyss:1)
  A tengu conjurer (D:15)
  A harpy zombie (D:15)
  2 ancient zymes (Abyss:1)
  A yaktaur (D:15)
  The ghost of bohran the Slasher, an average MiBe of Trog (D:4)
  2 fire drakes
  13 komodo dragons
  A polar bear (D:11)
  5 trolls
  A raiju (Abyss:1)
  Prince Ribbit (Lair:2)
  A harpy skeleton (D:14)
  21 blink frogs
  4 shadows
  A boulder beetle (Lair:7)
  A queen bee (D:12)
  6 slime creatures (D:12)
  A wolf spider simulacrum (D:15)
  A blink frog (shapeshifter) (D:15)
  An air elemental (D:10)
  3 two-headed ogres
  34 yaks
  A spriggan (D:9)
  4 basilisks
  2 deep elf magi
  3 wyverns
  10 hippogriffs
  4 fire elementals
  6 wraiths
  3 hogs (D:13)
  3 hungry ghosts
  A neqoxec (Abyss:1)
  9 wolves
  A ynoxinul (Abyss:1)
  2 chaos spawn (Abyss:1)
  Menkaure (Ossuary)
  A deep elf fighter (D:10)
  4 wargs
  3 mottled dragons
  15 porcupines
  39 nagas
  3 large abominations (Abyss:1)
  2 eyes of draining
  8 spiders (Snake:3)
  2 soldier ants
  17 ice beasts
  20 water moccasins
  The ghost of urechis the Ruffian, an average TrMo (D:6)
  2 hell hounds (D:13)
  19 orc warriors
  6 sky beasts
  2 black bears
  11 ogres
  A wasp (D:10)
  10 crocodiles
  3 brain worms
  19 centaurs
  Blork the orc (D:6)
  5 big kobolds
  16 giant frogs
  2 wyvern zombies
  A small abomination (Abyss:1)
  4 wyvern skeletons
  30 killer bees
  A water moccasin skeleton (D:6)
  6 scorpions
  An electric eel (D:11)
  18 wights
  2 giant frog zombies
  2 centaur zombies
  3 jellies
  3 quasits
  4 centaur skeletons
  Crazy Yiuf (D:6)
  21 orc priests
  13 crimson imps
  8 hounds
  2 giant frog skeletons
  34 orc wizards
  11 iguanas
  9 sheep
  10 worker ants
  A giant frog simulacrum (D:11)
  A wasp simulacrum (D:11)
  A hound skeleton (D:4)
  A worker ant zombie (D:6)
  A mummy (Ossuary)
  63 river rats
  8 gnolls
  16 adders
  2 white imps
  5 shadow imps
  An ufetubus (Abyss:1)
  An ooze (D:1)
  3 worms
  105 orcs
  23 bats
  3 bat skeletons
  A bat zombie (D:4)
  10 giant cockroaches
  A gnoll zombie (Ossuary)
  19 hobgoblins
  21 jackals
  40 kobolds
  5 quokkas
  6 giant geckos
  A giant newt (D:1)
  3 gnoll skeletons (Ossuary)
  19 goblins
  A goblin skeleton (Ossuary)
  3 goblin zombies (Ossuary)
  A kobold skeleton (Ossuary)
  A kobold zombie (Ossuary)
  5 orc skeletons (Ossuary)
  5 orc zombies (Ossuary)
  2 quokka skeletons
  17 rats
  3 rat skeletons (Ossuary)
  A rat zombie (Ossuary)
  A toadstool (D:10)
1210 creatures vanquished.

Vanquished Creatures (collateral kills)
  A greater naga (Snake:3)
  5 hydras
  An anaconda (Snake:4)
  A centaur warrior (D:15)
  2 naga sharpshooters (Snake:1)
  A griffon (Lair:4)
  A mana viper (Snake:2)
  2 black mambas (Lair:3)
  A spiny frog (Lair:3)
  A hog (D:13)
  A naga (Snake:2)
  2 wolves (Lair:2)
  A porcupine (Lair:2)
  An eye of draining (D:3)
  A centaur (D:15)
  A crocodile (Lair:2)
  An earth elemental (D:10)
  2 killer bees
  The ghost of urechis the Sneak, a weakling FeMo (D:3)
  An adder (D:2)
  A river rat (Lair:1)
  An orc (Orc:4)
  A giant cockroach (D:2)
  A goblin (Orc:4)
  A kobold (D:2)
  A giant spore (Snake:4)
34 creatures vanquished.

Vanquished Creatures (others)
  4 wandering mushrooms
  A hornet zombie (D:15)
  A human (D:13)
  A water elemental (D:10)
  A naga (Snake:1)
  A necrophage (D:7)
  2 orc wizards (Orc:4)
  An orc priest (Orc:4)
  2 mummies (Ossuary)
  2 gnoll zombies (Ossuary)
  3 gnoll skeletons (Ossuary)
  2 goblin skeletons (Ossuary)
  2 goblin zombies (Ossuary)
  A hobgoblin skeleton (Ossuary)
  3 hobgoblin zombies (Ossuary)
  2 kobold skeletons (Ossuary)
  3 kobold zombies (Ossuary)
  4 orc skeletons (Ossuary)
  4 rat zombies (Ossuary)
  3 ballistomycetes (Snake:4)
  35 fungi
  2 giant spores (Snake:4)
  27 plants
  9 starspawn tentacles (Abyss:1)
  6 starspawn tentacle segments (Abyss:1)
  938 toadstools
1060 creatures vanquished.

Grand Total: 2304 creatures vanquished

Action                   |  1- 3 |  4- 6 |  7- 9 | 10-12 | 13-15 | 16-18 || total
-------------------------+-------+-------+-------+-------+-------+-------++-------
Melee: Unarmed           |   132 |   217 |   496 |   828 |  1611 |   790 ||  4074
 Cast: Beastly Appendage |    19 |    40 |    42 |    47 |    12 |       ||   160
       Sticks to Snakes  |     5 |     3 |       |       |    12 |       ||    20
       Spider Form       |       |       |    14 |    45 |     4 |       ||    63
       Blade Hands       |       |       |       |    24 |   148 |    79 ||   251
Invok: Evolution         |       |       |       |     1 |     2 |     1 ||     4
       Reproduction      |       |       |       |       |       |     3 ||     3
 Abil: Breathe Noxious F |       |       |    25 |    59 |    58 |       ||   142
       End Transformatio |       |       |     3 |    11 |    11 |     8 ||    33
Evoke: Wand              |       |     2 |     4 |     6 |     7 |     8 ||    27
       Stone of tremors  |       |       |       |     2 |     2 |     4 ||     8
       Rod               |       |       |       |     7 |    18 |     6 ||    31
  Use: Potion            |     1 |       |     2 |     9 |     8 |    16 ||    36
       Scroll            |       |     9 |    11 |    13 |    22 |    12 ||    67
 Stab: Sleeping          |     2 |     1 |     1 |     1 |     3 |       ||     8
       Distracted        |       |     1 |       |     1 |     7 |       ||     9
       Confused          |       |       |    13 |    39 |    34 |     1 ||    87
  Eat: Chunk             |     5 |     4 |    17 |    15 |    72 |     2 ||   115
       Meat ration       |       |     1 |     1 |     1 |     2 |     5 ||    10
       Bread ration      |       |       |       |     7 |     6 |     4 ||    17
       Pizza             |       |       |       |     1 |     1 |       ||     2
       Royal jelly       |       |       |       |     7 |     1 |     2 ||    10
       Beef jerky        |       |       |       |     1 |     5 |     1 ||     7
       Fruit             |       |       |       |       |    15 |       ||    15

Vault maps used:
D:1:      dpeg_arrival_pits
D:3:      lemuel_round_altar, grunt_decor_mini_mirrors, trog_eyes_of_draining
D:4:      gammafunk_temple_overflow_pools, serial_forest,
          infiniplex_forest_clump_tiny, infiniplex_forest_lined_4_way,
          infiniplex_forest_straight_2, infiniplex_forest_clump_diagonal,
          nicolae_ossuary_entry_false_entrances, first_bread
D:6:      overflow_temple_1_default, minmay_temple_entry_junction,
          nicolae_sextant, uniq_crazy_yiuf_cottage, uniq_blork_the_orc
D:8:      kennysheep_mini_moat, grunt_temple_overflow_open
D:9:      basic_altar, the_bakery, item_on_display_a
D:10:     grunt_lair_entry_elf_guard_hut, lightli_elemental_guards,
          uniq_erolcha, uniq_gastronok
D:11:     orc_0_dummy, serial_ice, serial_ice_c, serial_ice_k, serial_ice_g,
          serial_ice_n, serial_ice_o, serial_ice_h,
          portal_ice_cave_entry_ice_beasts
D:12:     minivault_7
D:13:     david_vaults_2, minivault_11, kennysheep_windowed_goal, uniq_kirke,
          uniq_frances, uniq_azrael
D:14:     serial_shops, shop
D:15:     grunt_enter_depths_snipers, serial_shops, shop, shop, serial_glass,
          glass_columns_a, glass_columns_a, uniq_roxanne, uniq_josephine
Temple:   circular_temple_12
Lair:2:   uniq_prince_ribbit2
Lair:3:   minmay_swamp_entry_worms, minmay_snake_entry_six_corridors,
          st_stairs_4
Lair:5:   grunt_megastairs_3
Lair:6:   uniq_snorg
Lair:7:   infiniplex_staircase_pool_2, grunt_megastairs_2, lemuel_fruit_tree
Lair:8:   evilmike_catoblepas_cave, dpeg_slime_entry_enclosed_altar
Snake:1:  basic_altar
Snake:2:  uniq_louise, uniq_asterion, uniq_aizul
Snake:3:  spider_trap, nicolae_snake_round_shape_thing,
          nicolae_coiled_stairwell_down
Snake:4:  grunt_snake_rune_pools, stair_cage_line
Orc:2:    serial_shops, shop_fountains, shop, shop_fountains,
          nicolae_shop_window_shopping, shop
Orc:3:    serial_shops, shop, nicolae_shop_behind_doors, shop,
          nicolae_orc_pool_cavern, nicolae_orc_flooded_monolith, uniq_sonja
Orc:4:    grunt_orc_tribal_feast, nicolae_orc_tapped_out
Ossuary:  ossuary_due_pyramid
